 Dungeon Crawl Stone Soup version 0.31.0-32-g396128a36d (webtiles) character file.

Game seed: 8400422328395852709

78 yoga4dogs the Poker (level 4, -1/41 HPs)
             Began as a Minotaur Berserker on Mar 17, 2024.
             Was a Believer of Trog.
             Killed from afar by middlethird's ghost (5 damage)
             ... with a magic dart
             ... on level 3 of the Dungeon.
             The game lasted 00:07:12 (1535 turns).

yoga4dogs the Poker (Minotaur Berserker)            Turns: 1535, Time: 00:07:13

Health: -1/41      AC:  3    Str: 23    XL:     4   Next: 15%
Magic:  3/3        EV: 12    Int:  4    God:    Trog [**....]
Gold:   93         SH:  0    Dex: 10    Spells: 3/3 levels left

rFire   . . .        a - +0 spear
rCold   . . .        (no shield)
rNeg    . . .        l - +0 leather armour
rPois   +            (helmet restricted)
rElec   .            (no cloak)
rCorr   .            (no gloves)
SInv    .            (no boots)
Will    .....        (no amulet)
Stlth   +            n - ring of poison resistance
HPRegen 0.26/turn    (no ring)
MPRegen 0.08/turn

%: clarity
@: no status effects
A: horns 2, retaliatory headbutt, clarity
a: Renounce Religion, Berserk, Trog's Hand


You were on level 3 of the Dungeon.
You worshipped Trog.
Trog was pleased with you.
You visited 1 branch of the dungeon, and saw 3 of its levels.

You collected 93 gold pieces.

Inventory:

Hand Weapons
 a - a +0 spear (weapon)
 d - a +0 dagger of venom
Missiles
 f - 8 boomerangs (quivered)
 i - 12 stones
Armour
 b - a +0 animal skin
 l - a +0 leather armour (worn)
Jewellery
 n - a ring of poison resistance (left hand)
Scrolls
 c - a scroll of revelation {unknown}
 e - a scroll of blinking
 j - a scroll of fog {unknown}
 k - a scroll of amnesia {unknown}
 o - a scroll of teleportation {unknown}
Potions
 g - 2 potions of curing {unknown}
 h - 2 potions of haste {unknown}
 m - a potion of brilliance {unknown}


   Skills:
 + Level 4.4 Fighting
 + Level 5.0 Polearms
 + Level 2.9 Armour
 + Level 2.5 Dodging
 + Level 0.1 Stealth


You had 3 spell levels left.
You didn't know any spells.
Your spell library was empty.

Dungeon Overview and Level Annotations

Branches:
Dungeon (3/15)

Altars:

Annotations:
D:3 middlethird's ghost, weakling VSCj


Innate Abilities, Weirdness & Mutations

You have a pair of horns on your head.
You reflexively headbutt those who attack you in melee.
You possess an exceptional clarity of mind.


Message History

You are too injured to fight recklessly!
Blink to where?
Press: ? - help, Dir - move target Blink to where?
Press: ? - help, Dir - move target
As you read the scroll labelled ILEDYWK GAGAE, it crumbles to dust.
It was a scroll of blinking.
You open the door.
There is an open door here.
You are too injured to fight recklessly!
You hit the orc. You headbutt the orc!
You kill the orc!
Trog accepts your kill.
Your Polearms skill increases to level 5!
The orc closely misses you. The orc hits you with a +0 mace.
Middlethird's ghost casts a spell at you.
The magic dart hits you.
* * * LOW HITPOINT WARNING * * *
Things that are here:
a +0 war axe; a +1 leather armour of poison resistance; an orc corpse The orc attacks as it pursues you!
The orc completely misses you. You furiously retaliate!
You headbutt the orc!
You kill the orc!
Trog accepts your kill.
There is an open door here.
You are too injured to fight recklessly!
You are too injured to fight recklessly!
You hit the orc.
The orc is severely wounded.
The orc hits you with a +0 flail!
* * * LOW HITPOINT WARNING * * *
You hit the orc.
You kill the orc!
Trog accepts your kill.
You hit middlethird's ghost but do no damage.
Your headbutt misses middlethird's ghost.
Middlethird's ghost is moderately damaged.
Middlethird's ghost casts a spell at you.
The magic dart hits you.
You die...

#.#8#..8.$#8#.#
#.###.....###.#
#....#####....#
######...........$.###
.....######'')######.#
.....8.......).....8.#
#####................#
###)W....#######.#
#@#..### #.#
#........#.# #.#
#........#.# #.#
#........# . #.#
#######+## #. #.# .#
#.# .


You could see middlethird's ghost.

Vanquished Creatures
  2 adders (D:2)
  A ribbon worm (D:2)
  2 dart slugs
  6 orcs (D:3)
  2 endoplasms
  A giant cockroach (D:2)
  2 goblins (D:1)
  6 hobgoblins
  3 jackals (D:2)
  A quokka (D:1)
  6 ball pythons
  2 bats
  3 frilled lizards (D:1)
  6 kobolds
  5 rats
48 creatures vanquished.

Notes
Turn   | Place    | Note
-------+----------+-------------------------------------------
     0 | D:1      | yoga4dogs the Minotaur Berserker began the quest for the
                  | Orb.
     0 | D:1      | Reached XP level 1. HP: 19/19 MP: 0/0
    57 | D:1      | Gained mutation: You possess an exceptional clarity of
                  | mind. [potion of mutation]
    57 | D:1      | Gained mutation: Your flesh is cold resistant. (rC+)
                  | [potion of mutation]
    57 | D:1      | Lost mutation: Your flesh is cold resistant. (rC+) [potion
                  | of mutation]
   222 | D:1      | Reached XP level 2. HP: 27/27 MP: 1/1
   309 | D:1      | Reached skill level 4 in Polearms
   504 | D:1      | Reached ** piety under Trog
   910 | D:2      | Reached XP level 3. HP: 33/33 MP: 2/2
  1504 | D:3      | Found a runed translucent gate.
  1505 | D:3      | Found a runed translucent gate.
  1505 | D:3      | Noticed middlethird's ghost (weakling VSCj)
  1506 | D:3      | Found a runed translucent gate.
  1507 | D:3      | Identified the +1 leather armour of the Northern Lights
                  | {-Cast rCorr Dex+3 Stlth+}
  1518 | D:3      | Reached XP level 4. HP: 41/41 MP: 3/3
  1531 | D:3      | Reached skill level 5 in Polearms
  1535 | D:3      | Killed from afar by middlethird's ghost

Illustrated notes

Levels and vault maps discovered:
D:1:      noname_arrival_rooms_in_the_neighbourhood, layout_basic
D:2:      layout_basic, minmay_tripent
D:3:      layout_basic, ebering_ecumenical_altar_rust,
          biasface_ghost_orc_armoury, uniq_sigmund

Skill      XL: |  1  2  3  4 |
---------------+-------------+-----
Fighting       | 4 |  4.4
Polearms       | 4 5 |  5.0
Armour         | |  2.9
Dodging        | |  2.5
Stealth        | |  0.1

Action                     |  1- 3 |  4- 6 || total
---------------------------+-------+-------++-------
  Melee: Spear             |   119 |    11 ||   130
         Headbutt          |    10 |     1 ||    11
         Punch             |     2 |       ||     2
    Use: Potion            |     1 |       ||     1
         Scroll            |       |     1 ||     1
 Armour: Animal skin       |    18 |       ||    18
         Leather armour    |     8 |    11 ||    19
  Dodge: Dodged            |    47 |    10 ||    57
